 Dungeon Crawl Stone Soup version 0.29.1-1-gd02db6906a (webtiles) character file.

Game seed: 7594417043258622368

21283 KamiKatze the Destroyer (level 12, 0/74 HPs)
             Began as an Octopode Conjurer on Sept 13, 2022.
             Was a Priest of Vehumet.
             Slain by an orc warrior
             ... wielding a +0 long sword
              (20 damage)
             ... on level 9 of the Dungeon on Sept 15, 2022.
             The game lasted 01:05:43 (13884 turns).

KamiKatze the Destroyer (Octopode Conjurer)        Turns: 13884, Time: 01:05:43

Health: 0/74       AC:  2    Str:  6    XL:     12   Next: 88%
Magic:  2/25       EV: 15    Int: 25    God:    Vehumet [***...]
Gold:   1164       SH:  0    Dex: 14    Spells: 18/29 levels left

rFire   + . .      SeeInvis .   b - +5 rapier of Disharmony {venom, Will+ Dex+3}
rCold   . . .      Faith    .   (no shield)
rNeg    . . .      Spirit   .   G - +1 hat {Stlth+}
rPois   .          Reflect  .   q - amulet of magic regeneration
rElec   .          Harm     .   l - ring of protection from fire
rCorr   .          Rampage  .   C - ring of flight
Will    +....                   (no ring)
Stlth   +++++.....              (no ring)
HPRegen 0.22/turn               (no ring)
MPRegen 0.59/turn               (no ring)
                                (no ring)
                                (no ring)

@: flying
A: almost no armour, amphibious, 8 rings, camouflage 1, gelatinous body 1,
(nimble swimmer 1), tentacles
a: Renounce Religion


You were on level 9 of the Dungeon.
You worshipped Vehumet.
Vehumet was most pleased with you.
You visited 4 branches of the dungeon, and saw 16 of its levels.

You collected 1164 gold pieces.

Inventory:

Hand Weapons
 a - a +3 dagger of venom
 b - the +5 rapier of Disharmony (weapon) {venom, Will+ Dex+3}
   (You found it on level 6 of the Dungeon)

   It poisons the flesh of those it strikes.
   Dex:       It affects your dexterity (+3).
   Will:      It increases your willpower.
 D - a +3 trident
Missiles
 d - 34 stones
 n - 35 poisoned darts (quivered)
 y - 2 throwing nets
Armour
 G - a +1 hat of stealth (worn)
Magical Staves
 e - a staff of earth
Jewellery
 l - a ring of protection from fire (left tentacle)
 q - an amulet of magic regeneration (around mantle)
 C - a ring of flight (right tentacle)
 K - the amulet "Yshare" {RegenMP rC++ Will- Regen+ Int+4}
   (You found it on level 2 of the Lair of Beasts)

   [amulet of magic regeneration]

   It increases your rate of magic regeneration.
   Int:       It affects your intelligence (+4).
   rC:        It greatly protects you from cold.
   Regen:     It increases your rate of health regeneration.
   Will:      It decreases your willpower.
Wands
 o - a wand of light (21)
 v - a wand of digging (5)
 w - a wand of flame (39)
 B - a wand of roots (3)
 E - a wand of polymorph (2)
 I - a wand of mindburst (8)
Scrolls
 c - 2 scrolls of enchant armour
 f - a scroll of vulnerability
 k - 4 scrolls of poison
 p - 2 scrolls of fear
 s - 6 scrolls of teleportation
 A - 2 scrolls of butterflies
 L - a scroll of identify
Potions
 g - 2 potions of might
 h - 2 potions of ambrosia
 i - 3 potions of lignification
 j - a potion of invisibility {unknown}
 m - 2 potions of magic
 r - 2 potions of mutation
 t - a potion of cancellation
 u - 2 potions of attraction
 x - 2 potions of curing
 z - a potion of flight
 F - a potion of haste
 H - 2 potions of heal wounds
 J - 3 potions of brilliance {unknown}


   Skills:
 + Level 3.9 Fighting
 + Level 5.1 Dodging
 + Level 7.2 Stealth
 * Level 9.3 Spellcasting
 * Level 10.7 Conjurations
 * Level 9.8 Hexes
 * Level 9.7 Translocations
 - Level 2.0 Evocations


You had 18 spell levels left.
You knew the following spells:

 Your Spells              Type           Power      Damage    Failure   Level
a - Magic Dart            Conj           100%       1d8       1%          1
b - Searing Ray           Conj           100%       2d8       1%          2
c - Fulminant Prism       Conj/Hex       29%        3d14      1%          4
d - Iskenderun's Mystic   Conj/Tloc      58%        2d12      1%          4

Your spell library contained the following spells:

 Spells                   Type           Power      Damage    Failure   Level
 Conjure Flame            Conj/Fire      38%        6-21      1%          3
 Apportation              Tloc           100%       N/A       1%          1
 Slow                     Hex            100%       N/A       1%          1
 Confusing Touch          Hex            57%        N/A       1%          3
 Dazzling Flash           Conj/Hex       100%       N/A       1%          3
 Portal Projectile        Hex/Tloc       100%       N/A       1%          3
 Frozen Ramparts          Ice            22%        1d4       4%          3
 Necrotise                Necr           44%        1d6       5%          1
 Summon Small Mammal      Summ           44%        N/A       5%          1
 Leda's Liquefaction      Hex/Erth       18%        N/A       7%          4
 Call Canine Familiar     Summ           11%        N/A       16%         3
 Vampiric Draining        Necr           11%        2d6       16%         3
 Starburst                Conj/Fire      19%        6d7       22%         6
 Corpse Rot               Necr/Pois/Air  11%        N/A       45%         4
 Dispel Undead            Necr           11%        3d9       45%         4
 Ice Form                 Ice/Tmut       11%        N/A       45%         4
 Summon Ice Beast         Ice/Summ       11%        N/A       45%         4
 Death Channel            Necr           5%         N/A       100%        6


Dungeon Overview and Level Annotations

Branches:
Dungeon (10/15)            Temple (1/1) D:6            Lair (4/5) D:8
 Shoals (0/4) Lair:3        Snake (0/4) Lair:2          Orc (1/2) D:9
  Slime: Lair:4-5

Altars:
Ashenzari
Cheibriados
Dithmenos
Elyvilon
Fedhas
Gozag
Hepliaklqana
Kikubaaqudgha
Makhleb
Nemelex Xobeh
Okawaru
Qazlal
Ru
Sif Muna
Trog
Uskayaw
Vehumet
Wu Jian
Xom
Yredelemnul
Zin
The Shining One

Shops:
D:4 *

Annotations:
D:9 2 transporters, exclusions: 2 ice statues and oklob plant, topfpfpflanze's ghost, novice DjFE
Lair:4 Rupert


Innate Abilities, Weirdness & Mutations

You cannot wear most types of armour.
You are amphibious.
You can wear up to eight rings at the same time.
Your skin changes colour to match your surroundings (Stealth+).
Your rubbery body absorbs attacks. (AC +1, EV +1)
((You are camouflaged when in or above water. (Stealth+)))
You have tentacles for arms and can constrict up to eight enemies at once.


Message History

Casting: Iskenderun's Mystic Blast (safe; 1% risk of failure)
Confirm with . or Enter, or press ? or * to list all spells.
You don't have enough magic to cast this spell.
The orc warrior closely misses you.
You fly upwards.
Welcome back to the Dungeon!
Level annotation: 2 transporters, exclusions: 2 ice statues and oklob plant, topfpfpflanze's ghost, novice DjFE
There is a staircase to the Orcish Mines here.
The orc warrior attacks as you move away!
The orc warrior hits you with a +0 long sword!
* * * LOW HITPOINT WARNING * * *
Things that are here:
a +0 robe; a +0 scimitar
Casting: Iskenderun's Mystic Blast (safe; 1% risk of failure)
Confirm with . or Enter, or press ? or * to list all spells.
Aiming: Fulminant Prism (safe; 1% risk of failure)
Press: ? - help, Dir - move target, f - orc warrior
Aim: an orc warrior, wielding a +0 long sword, wearing a +0 plate armour and quivering boomerangs of dispersal (severely wounded)
Okay, then.
Casting: Fulminant Prism (safe; 1% risk of failure)
Confirm with . or Enter, or press ? or * to list all spells.
You erupt in a blast of force!
The mystic blast hits the orc warrior but does no damage.
The orc warrior is severely wounded.
The orc warrior hits you with a +0 long sword.
* * * LOW HITPOINT WARNING * * *
Casting: Iskenderun's Mystic Blast (safe; 1% risk of failure)
Confirm with . or Enter, or press ? or * to list all spells.
You don't have enough magic to cast this spell.
Things that are here:
a +0 robe; a +1 dagger of freezing
Casting: Iskenderun's Mystic Blast (safe; 1% risk of failure)
Confirm with . or Enter, or press ? or * to list all spells.
Aiming: Searing Ray (safe; 1% risk of failure)
Press: ? - help, Shift-Dir - straight line, f - orc warrior
Aim: an orc warrior, wielding a +0 long sword, wearing a +0 plate armour and quivering boomerangs of dispersal (severely wounded, 83% to hit)
The searing ray hits the orc warrior.
The orc warrior is almost dead. (Press . to maintain the ray.)
The orc warrior hits you with a +0 long sword!!
You die...

#.......# #.# #.......#
###.####
#.......###..!....
#.#.......#.#.#...
#.#...?...#.#.#...
#####.#.......#.#.#<..
#.[...........#.#...#.
#.............#.......
#....@...[....#.......
#....o.>[.....#..#.##.
#####.#.......#>......
#.#.......##.##...
#..........#.##.#.
#############.#........
#...........#.##..##...
###.#######.#.##.#.....
#.#.....#.#.##.......


You could see an orc warrior.

Vanquished Creatures
  Gastronok (Lair:1)
  A hydra (Lair:2)
  A boulder beetle (D:7)
  A two-headed ogre (D:9)
  An orc high priest (Orc:1)
  Lodul (D:10)
  An ugly thing (D:8)
  2 black mambas (Lair:2)
  2 elephants
  4 cane toads
  2 rime drakes
  4 komodo dragons (Lair:2)
  2 trolls
  A hornet (Lair:3)
  2 polar bears
  A snapping turtle (Lair:3)
  6 blink frogs (Lair:3)
  Sigmund (D:5)
  A shadow (D:10)
  4 wyverns
  14 yaks
  4 basilisks
  A wraith (D:10)
  A steam dragon (D:7)
  Menkaure (D:7)
  6 nagas (Lair:2)
  Edmund (D:4)
  A warg (Orc:1)
  7 water moccasins
  A sky beast (D:8)
  3 orc warriors
  A black bear (D:4)
  An ice beast (D:6)
  7 ogres
  4 centaurs
  4 wolves (Lair:2)
  2 phantoms (D:4)
  4 kobold brigands
  9 bullfrogs
  A gnoll sergeant (D:9)
  3 necrophages
  3 scorpions
  10 wights
  3 killer bees (D:9)
  An electric eel (Lair:3)
  3 howler monkeys (D:8)
  5 hounds
  2 jellies
  4 gnoll boudas
  6 orc priests
  6 iguanas
  6 orc wizards
  16 gnolls
  6 adders
  2 white imps
  A worm (D:4)
  2 dart slugs
  32 orcs
  8 ball pythons
  4 endoplasms
  6 giant cockroaches
  2 hobgoblins (D:4)
  7 jackals
  4 quokkas
  8 bats
  3 frilled lizards (D:3)
  12 goblins
  18 kobolds
  2 rats (D:1)
  A fulminant prism (Lair:2)
298 creatures vanquished.

Vanquished Creatures (others)
  174 fulminant prisms
  31 fungi
  48 plants
253 creatures vanquished.

Grand Total: 551 creatures vanquished

Notes
Turn   | Place    | Note
-------+----------+-------------------------------------------
     0 | D:1      | KamiKatze the Octopode Conjurer began the quest for the
                  | Orb.
     0 | D:1      | Reached XP level 1. HP: 11/11 MP: 3/3
   219 | D:1      | Reached XP level 2. HP: 17/17 MP: 1/5
   651 | D:1      | Upgraded the game from 0.29.1 to 0.29.1-1-gd02db6906a
   700 | D:2      | Learned a level 2 spell: Searing Ray
   940 | D:2      | Reached XP level 3. HP: 19/21 MP: 1/6
  1115 | D:2      | Found a sparkling altar of Nemelex Xobeh.
  1122 | D:2      | Found a faded altar of an unknown god.
  1686 | D:2      | Reached skill level 1 in Hexes
  1686 | D:2      | Reached skill level 1 in Translocations
  1686 | D:2      | Reached XP level 4. HP: 17/27 MP: 3/7
  1859 | D:3      | Learned a level 4 spell: Fulminant Prism
  2477 | D:3      | Reached XP level 5. HP: 31/31 MP: 3/9
  2915 | D:4      | Noticed a black bear
  2950 | D:4      | Noticed a phantom
  3032 | D:4      | Found Giukuos's Mayhem Merchandise.
  3309 | D:4      | Found a hazy altar of Hepliaklqana.
  3363 | D:4      | Found a snail-covered altar of Cheibriados.
  3363 | D:4      | Noticed Edmund
  3409 | D:5      | Entered Level 5 of the Dungeon
  3425 | D:5      | Reached XP level 6. HP: 5/36 MP: 0/10
  3591 | D:4      | Learned a level 4 spell: Iskenderun's Mystic Blast
  3853 | D:5      | Reached skill level 5 in Conjurations
  4376 | D:4      | Killed Edmund
  4377 | D:4      | Reached XP level 7. HP: 41/41 MP: 6/12
  5030 | D:5      | Reached XP level 8. HP: 42/46 MP: 11/14
  5164 | D:5      | Noticed Sigmund
  5175 | D:5      | Killed Sigmund
  5176 | D:5      | Reached skill level 6 in Conjurations
  5748 | D:6      | Found a glowing golden altar of the Shining One.
  5894 | D:6      | Found a staircase to the Ecumenical Temple.
  5902 | Temple   | Entered the Ecumenical Temple
  6071 | D:6      | Reached skill level 5 in Spellcasting
  6096 | D:6      | Found an ancient bone altar of Kikubaaqudgha.
  6164 | D:6      | Reached skill level 5 in Hexes
  6318 | D:6      | Reached XP level 9. HP: 43/51 MP: 14/16
  6325 | D:6      | Reached skill level 5 in Translocations
  6369 | D:6      | Reached skill level 7 in Conjurations
  6400 | D:6      | Found a burning altar of Makhleb.
  6444 | D:6      | Identified the +5 rapier of Disharmony {venom, Will+ Dex+3}
  6729 | D:7      | Noticed Menkaure
  6732 | D:7      | Killed Menkaure
  6779 | D:7      | Noticed a boulder beetle
  7038 | D:7      | Found a shimmering blue altar of Sif Muna.
  7346 | D:7      | Killed a boulder beetle
  7347 | D:7      | Reached skill level 8 in Conjurations
  7347 | D:7      | Reached XP level 10. HP: 56/56 MP: 10/19
  7501 | D:7      | Found a blossoming altar of Fedhas.
  7886 | D:8      | Noticed a white ugly thing
  8328 | D:8      | Found a radiant altar of Vehumet.
  8336 | D:8      | Became a worshipper of Vehumet
  8488 | D:8      | Found a staircase to the Lair.
  8666 | D:8      | Killed a white ugly thing
  8863 | D:9      | Found a staircase to the Orcish Mines.
  8932 | D:9      | Noticed a two-headed ogre
  8940 | D:9      | Killed a two-headed ogre
  9000 | D:9      | Reached skill level 9 in Conjurations
  9071 | D:9      | Found a transporter.
  9071 | D:9      | Noticed an ice statue
  9076 | D:9      | Noticed an ice statue
  9090 | D:9      | Identified the +1 robe "Deeti" {Regen+}
  9093 | D:9      | Found a transporter.
  9098 | D:9      | Noticed an oklob plant
  9116 | D:9      | Noticed topfpfpflanze's ghost (novice DjFE)
  9287 | D:9      | Reached * piety under Vehumet
  9287 | D:9      | Offered knowledge of Freeze by Vehumet.
  9643 | D:10     | Entered Level 10 of the Dungeon
  9679 | D:10     | Reached XP level 11. HP: 62/62 MP: 15/22
  9736 | D:10     | Reached skill level 1 in Fighting
  9808 | D:10     | Noticed Lodul
 10018 | D:10     | Killed Lodul
 10210 | D:10     | Reached skill level 5 in Stealth
 10375 | D:10     | Found a shadowy altar of Dithmenos.
 10435 | Lair:1   | Entered Level 1 of the Lair of Beasts
 10551 | Lair:1   | Noticed Gastronok
 10814 | Lair:1   | Killed Gastronok
 11332 | Lair:2   | Offered knowledge of Foxfire by Vehumet.
 11615 | Lair:2   | Reached skill level 10 in Conjurations
 11650 | Lair:2   | Reached ** piety under Vehumet
 11689 | Lair:2   | Reached XP level 12. HP: 72/72 MP: 18/24
 11774 | Lair:2   | Identified the amulet "Yshare" {RegenMP rC++ Will- Regen+
                  | Int+4}
 11777 | Lair:2   | Noticed an eight-headed hydra
 11795 | Lair:2   | Killed an eight-headed hydra
 11796 | Lair:2   | Reached skill level 1 in Evocations
 12249 | Lair:2   | Found a staircase to the Snake Pit.
 12940 | Lair:3   | Found a staircase to the Shoals.
 13174 | Lair:3   | Offered knowledge of Conjure Flame by Vehumet.
 13546 | Lair:4   | Noticed Rupert
 13858 | Orc:1    | Entered Level 1 of the Orcish Mines
 13858 | Orc:1    | Noticed an orc high priest
 13861 | Orc:1    | Reached skill level 5 in Dodging
 13864 | Orc:1    | Killed an orc high priest
 13868 | Orc:1    | Reached *** piety under Vehumet
 13884 | D:9      | Slain by an orc warrior

Illustrated notes

Levels and vault maps discovered:
D:1:      sevenhm_arrival_forest_fort_small_5, layout_basic
D:2:      layout_basic, hellmonk_ecumenical_altar_dog_temple, basic_altar,
          minmay_door_square
D:3:      layout_loops_ring, kennysheep_nondescript, kennysheep_pointless_box
D:4:      minmay_octagon_keep, layout_rooms, kennysheep_slug_shrine,
          nicolae_hepliaklqana_hazy_memory, minmay_shop_mayhem, uniq_edmund
D:5:      layout_basic, dk_vineyard_3, serial_bayou_pond_b, uniq_sigmund
D:6:      layout_gridville, bloody_makhleb, kiku_gazebo_garden_becter,
          tso_altar, minmay_temple_entry_trees
D:7:      layout_basic, lemuel_crystal_altar, minmay_ruined_shrine,
          uniq_menkaure
D:8:      layout_loops_ring, mainiacjoe_overflow_surrounded_room,
          grunt_lair_entry_orc_guard_hut, minmay_microvault
D:9:      layout_basic, orc_0_dummy, nzn_ghost_randoct
D:10:     layout_rooms, mainiacjoe_overflow_tiny_flanked, uniq_lodul
Temple:   jpeg_temple_clearing
Lair:1:   layout_hall_layers, grunt_megastairs_2, uniq_gastronok
Lair:2:   beast_lair_carwin_large_2, layout_small_grid,
          minmay_snake_entry_guardpost_large, infiniplex_staircase_pool
Lair:3:   layout_cave_pods, minmay_shoals_entry_hut, st_stairs_4
Lair:4:   layout_cave_pods, minmay_slime_entry_oklob_open, roderic_carrion_pond,
          infiniplex_staircase_pool_2, lemuel_fruit_tree, grunt_megastairs_5,
          uniq_rupert
Orc:1:    layout_diamond_mine, enter_volcano_1, trog_butcher_becter

Skill      XL: |  1  2  3  4  5  6  7  8  9 10 11 12 |
---------------+-------------------------------------+-----
Stealth        | 3 4 5 7 |  7.2
Hexes          | 1 2 3 5 6 7 9 |  9.8
Translocations | 1 2 3 4 6 7 8 9 |  9.7
Spellcasting   | 3 4 5 6 7 8 9 |  9.3
Conjurations   | 5 6 8 9 10 | 10.7
Dodging        | 3 4 5 |  5.1
Fighting       | 2 3 |  3.9
Evocations     | 2 |  2.0

Action                   |  1- 3 |  4- 6 |  7- 9 | 10-12 || total
-------------------------+-------+-------+-------+-------++-------
Melee: Unarmed           |     5 |       |       |       ||     5
       Constrict         |     5 |     1 |     1 |     1 ||     8
       Dagger            |    10 |     4 |    11 |       ||    25
       Tentacles         |     2 |     1 |     3 |     2 ||     8
       Rapier            |       |       |     1 |    12 ||    13
Throw: Dart              |       |     4 |     3 |       ||     7
 Cast: Magic Dart        |    52 |    45 |    95 |    49 ||   241
       Searing Ray       |     3 |    26 |    29 |    26 ||    84
       Fulminant Prism   |       |       |    26 |   149 ||   175
       Iskenderun's Myst |       |       |     5 |    43 ||    48
Evoke: Wand              |       |       |     8 |       ||     8
  Use: Scroll            |     3 |     8 |     9 |     6 ||    26
       Potion            |     1 |       |     1 |       ||     2
 Stab: Sleeping          |       |       |     2 |     1 ||     3
Armor: Skin              |     1 |     2 |     5 |     3 ||    11
Dodge: Dodged            |    14 |    14 |    24 |    39 ||    91
